 Dungeon Crawl Stone Soup version 0.17.0 (webtiles) character file.

718 KINGKRU the Covert (level 8, -1/48 HPs)
             Began as a Kobold Assassin on Dec 29, 2015.
             Slain by a black bear (5 damage)
             ... on level 6 of the Dungeon.
             The game lasted 00:37:50 (5200 turns).

KINGKRU the Covert (Kobold Assassin)                Turns: 5200, Time: 00:37:50

Health: -1/48      AC:  5    Str:  9    XL:     8   Next: 1%
Magic:  8/8        EV: 18    Int:  9    God:
Gold:   192        SH:  0    Dex: 20    Spells: 0 memorised, 7 levels left

rFire  . . .     SeeInvis .     b - +0 blowgun
rCold  . . .     Clarity  .     p - +1 robe {MR+}
rNeg   . . .     SustAt   .     (shield restricted)
rPois  .         Gourm    .     (no helmet)
rElec  .         Spirit   .     d - +1 cloak
rCorr  .         Warding  .     (no gloves)
rMut   .         Stasis   .     (no boots)
MR     +....                    (no amulet)
Stlth  +++++.....               (no ring)
                                (no ring)

@: about to teleport, somewhat resistant to hostile enchantments, quite stealthy
A: carnivore 3
a: no special abilities


You were on level 6 of the Dungeon.
You were not hungry.

You visited 1 branch of the dungeon, and saw 6 of its levels.

You collected 192 gold pieces.

Inventory:

Hand Weapons
 a - a +2 dagger
 b - a +0 blowgun (weapon)
 k - a +2 short sword of draining
 o - a +1 short sword of protection
Missiles
 e - 18 poisoned needles (quivered)
 f - 2 curare-tipped needles
 B - 8 needles of slowing
Armour
 c - a +0 robe
 d - a +1 cloak (worn)
 p - a +1 robe of magic resistance (worn)
 z - a +2 pair of boots
Jewellery
 j - an uncursed ring of stealth {unknown}
 q - a +5 ring of strength {unknown}
 t - an uncursed ring of sustain attributes {unknown}
Wands
 r - a wand of confusion (10)
 w - a wand of confusion (17)
Scrolls
 l - a scroll of fog
 m - 2 scrolls of remove curse
 v - a scroll of magic mapping
 y - a scroll of noise {unknown}
Potions
 h - a potion of invisibility {unknown}
 i - a potion of degeneration
 s - a potion of brilliance
 u - a potion of magic {unknown}
 x - a potion of curing
Comestibles
 g - 5 meat rations
 n - a beef jerky


   Skills:
 + Level 3.7 Fighting
 + Level 4.7 Short Blades
 + Level 4.3 Throwing
 + Level 4.4 Dodging
 + Level 8.9 Stealth


You had 7 spell levels left.
You didn't know any spells.

Dungeon Overview and Level Annotations

Branches:
Dungeon (6/15)
 Temple: D:4-7

Altars:
Elyvilon
Fedhas
Gozag
Makhleb
Yredelemnul

Annotations:
D:3 KINGKRU's ghost, amateur HOFi


Innate Abilities, Weirdness & Mutations

You are small and have problems with some larger weapons.
You are carnivorous and can eat meat at any time.


Message History

The giant frog skeleton barely misses you.
The black bear completely misses you. The black bear barely misses you.
The black bear misses you. The black bear bites you!
* * * LOW HITPOINT WARNING * * *
The black bear claws you.
* * * LOW HITPOINT WARNING * * *
The black bear misses you.
The giant frog skeleton completely misses you.
The black bear rages.
You hear a shout!
Found a stone staircase leading down.
Read which item? (? for menu, Esc to quit)
As you read the scroll of teleportation, it crumbles to dust.
You feel strangely unstable.
The giant frog skeleton barely misses you.
The giant frog skeleton completely misses you.
You hear a shout!
The black bear bites you.
You die...

..........<.(........#####
.#....#.((...####.........
......#.....###........Z..
......#.###..$........#.#o
####.##.# #..##.....[.# #
##. #.###..####..#.....o
... ....#..#.....#..#?..
.....##.#..#....##..oS..
..>...o@hZo...........S.
.....####.#####.##......
... #.# ..# ##... . #.#
.#. #.# .. .# #.# .. .#
..# ###


You could see a black bear (berserk), 2 orcs and a giant frog skeleton.

Vanquished Creatures
  Eustachio (D:4)
  A centaur (D:5)
  A hound (D:6)
  A jelly (D:5)
  An orc priest (D:6)
  A centaur skeleton (D:5)
  3 worker ants
  Jessica (D:3)
  Terence (D:3)
  Natasha (D:4)
  3 orc wizards
  5 adders
  An adder zombie (D:5)
  An ooze (D:1)
  3 worms
  3 giant geckos
  9 orcs
  10 goblins
  4 hobgoblins
  14 jackals
  6 bats
  5 giant cockroaches
  A giant cockroach zombie (D:5)
  2 giant newts
  6 kobolds
  3 quokkas
  4 rats
92 creatures vanquished.

Notes
Turn   | Place    | Note
--------------------------------------------------------------
     0 | D:1      | KINGKRU the Kobold Assassin began the quest for the Orb.
     0 | D:1      | Reached XP level 1. HP: 12/12 MP: 1/1
   284 | D:1      | Reached XP level 2. HP: 8/17 MP: 2/2
   717 | D:1      | Reached skill level 6 in Stealth
  1093 | D:1      | Reached XP level 3. HP: 22/22 MP: 3/3
  1904 | D:2      | Found a burning altar of Makhleb.
  1955 | D:2      | Reached XP level 4. HP: 27/27 MP: 4/4
  2568 | D:3      | Found a white marble altar of Elyvilon.
  2628 | D:3      | Reached skill level 7 in Stealth
  2823 | D:3      | Noticed Terence
  2826 | D:3      | Killed Terence
  2826 | D:3      | Reached XP level 5. HP: 31/31 MP: 5/5
  3017 | D:3      | Noticed KINGKRU's ghost (amateur HOFi)
  3023 | D:3      | Found a basalt altar of Yredelemnul.
  3210 | D:3      | Noticed Jessica
  3217 | D:3      | Killed Jessica
  3253 | D:3      | Found an opulent altar of Gozag.
  3758 | D:4      | Noticed Eustachio
  3779 | D:4      | Killed Eustachio
  3779 | D:4      | Reached skill level 8 in Stealth
  3779 | D:4      | Reached XP level 6. HP: 35/37 MP: 6/6
  3830 | D:4      | Noticed Natasha
  3844 | D:4      | Killed Natasha
  3910 | D:4      | Reached XP level 7. HP: 41/41 MP: 7/7
  4251 | D:5      | Entered Level 5 of the Dungeon
  4756 | D:5      | Found a blossoming altar of Fedhas.
  5147 | D:6      | Reached XP level 8. HP: 44/48 MP: 8/8
  5200 | D:6      | Slain by a black bear

Action                   |  1- 3 |  4- 6 |  7- 9 || total
-------------------------+-------+-------+-------++-------
Melee: Dagger            |    32 |       |       ||    32
       Short sword       |    36 |    69 |    74 ||   179
 Fire: Blowgun           |     6 |    30 |    24 ||    60
  Use: Scroll            |     3 |     7 |     4 ||    14
       Potion            |     7 |       |       ||     7
 Stab: Sleeping          |    10 |    11 |     5 ||    26
       Distracted        |       |     1 |     1 ||     2
  Eat: Meat ration       |     1 |     1 |       ||     2
